 Dungeon Crawl Stone Soup version 0.30-a0-718-geaa24f58ff (webtiles) character file.

Game seed: 4659494655857030164

221 ASSMAN the Ducker (level 5, -7/43 HPs)
             Began as a Gnoll Gladiator on Jan 25, 2023.
             Killed by divine providence
             ... invoked by an orc priest
              (13 damage)
             ... on level 4 of the Dungeon.
             The game lasted 00:02:21 (2360 turns).

ASSMAN the Ducker (Gnoll Gladiator)                 Turns: 2360, Time: 00:02:22

Health: -7/43      AC:  4    Str: 13    XL:     5   Next: 98%
Magic:  7/7        EV: 14    Int:  9    God:
Gold:   188        SH:  0    Dex: 14    Spells: 7/7 levels left

rFire   . . .      SeeInvis .    a - +0 war axe
rCold   . . .      Faith    .    (no shield)
rNeg    . . .      Spirit   .    b - +0 leather armour
rPois   .          Reflect  .    c - +0 helmet
rElec   .          Harm     .    (no cloak)
rCorr   .          Rampage  .    (no gloves)
Will    .....                    (no boots)
Stlth   ++                       (no amulet)
HPRegen 0.27/turn                (no ring)
MPRegen 0.10/turn                (no ring)

@: no status effects
A: fangs 1, strong nose, distributed training
a: no special abilities


You were on level 4 of the Dungeon.
You visited 1 branch of the dungeon, and saw 4 of its levels.

You collected 188 gold pieces.

Inventory:

Hand Weapons
 a - a +0 war axe (weapon)
Missiles
 d - 5 throwing nets (quivered)
 e - a javelin
Armour
 b - a +0 leather armour (worn)
 c - a +0 helmet (worn)
Wands
 m - a wand of polymorph (11)
Scrolls
 f - 3 scrolls of teleportation
 k - 3 scrolls of identify
 n - a scroll of amnesia {unknown}
 o - a scroll of noise {unknown}
 p - a scroll of enchant weapon {unknown}
Potions
 g - a potion of brilliance
 h - 4 potions of curing {unknown}
 i - a potion of degeneration {unknown}
 j - a potion of attraction {unknown}
 l - a potion of heal wounds {unknown}


   Skills:
 + Level 4.9 Fighting
 + Level 1.8 Short Blades
 + Level 1.8 Long Blades
 + Level 6.8 Axes
 + Level 1.8 Maces & Flails
 + Level 1.8 Polearms
 + Level 1.8 Staves
 + Level 1.8 Ranged Weapons
 + Level 4.9 Throwing
 + Level 1.8 Armour
 + Level 6.8 Dodging
 + Level 1.8 Stealth
 + Level 1.8 Shields
 + Level 1.8 Unarmed Combat
 + Level 1.8 Spellcasting
 + Level 1.4 Conjurations
 + Level 1.4 Hexes
 + Level 1.4 Summonings
 + Level 1.4 Necromancy
 + Level 1.4 Translocations
 + Level 1.4 Transmutations
 + Level 1.4 Fire Magic
 + Level 1.4 Ice Magic
 + Level 1.4 Air Magic
 + Level 1.4 Earth Magic
 + Level 1.4 Poison Magic
 + Level 2.0 Invocations
 + Level 1.8 Evocations


You had 7 spell levels left.
You didn't know any spells.
Your spell library contained the following spells:

 Spells                   Type           Power      Damage    Failure   Level
 Shock                    Conj/Air       12%        1d3       24%         1
 Sting                    Tmut/Pois      12%        1d3       24%         1
 Blink                    Tloc           6%         N/A       36%         2
 Poisonous Vapours        Pois/Air       6%         N/A       36%         2
 Ozocubu's Armour         Ice            3%         N/A       58%         3
 Swiftness                Air            3%         N/A       58%         3
 Airstrike                Air            1%         2d(1-17)  94%         4
 Animate Dead             Necr           3%         N/A       94%         4
 Manifold Assault         Tloc           3%         N/A       94%         4
 Olgreb's Toxic Radiance  Pois           3%         N/A       94%         4
 Metabolic Englaciation   Hex/Ice        1%         N/A       100%        5
 Simulacrum               Ice/Necr       1%         N/A       100%        6
 Haunt                    Necr/Summ      1%         N/A       100%        7
 Storm Form               Tmut/Air       1%         N/A       100%        7
 Infestation              Necr           1%         N/A       100%        8


Dungeon Overview and Level Annotations

Branches:
Dungeon (4/15)
 Temple: D:4-7

Altars:

Shops:
D:2 ?


Innate Abilities, Weirdness & Mutations

You have very sharp teeth.
Your uncanny sense of smell can sniff out nearby items.
Your experience applies equally to all skills.


Message History

The orc priest casts a cantrip, but nothing happens.
The orc zaps a wand.
You resist with some effort.
You completely miss the orc.
The orc priest calls down the wrath of Beogh upon you.
Beogh smites you! The orc barely misses you. x2
You hear an angry hiss.
The orc shouts!
You slash the orc!
You kill the orc!
An endoplasm comes into view.
The orc priest begins to cast a cantrip, but forgets the words!
The endoplasm quivers.
You slash the orc!
You kill the orc!
You slash the orc priest! Your bite misses the orc priest.
The orc priest is heavily wounded.
The orc priest invokes the aid of Beogh against you.
Pain shoots through your body!
* * * LOW HITPOINT WARNING * * *
You are too injured to fight recklessly!
You are too injured to fight recklessly!
You are too injured to fight recklessly!
You hit the orc priest. Your bite misses the orc priest.
The orc priest is severely wounded.
You hit the orc priest but do no damage.
The orc priest is severely wounded.
You barely miss the orc.
The orc priest hits you but does no damage.
The orc closely misses you.
You completely miss the orc priest.
The orc priest is severely wounded.
You barely miss the orc.
The orc priest hits you with a +0 flail.
* * * LOW HITPOINT WARNING * * *
The orc hits you with a +0 flail.
* * * LOW HITPOINT WARNING * * *
The orc barely misses you.
The orc priest mumbles some strange prayers to Beogh against you.
Beogh smites you!
You die... #.########.†.. .. ...........### ... #..##...## ..# #......## ... #)..##..##. ∆#.## #.<..#...<. .Jo

####.....## .#####o####
##..#..#
#.....o@..#######...##..
#......)...††..)†.#.....
#.....###.##...##.......
#..... #.##.###########
##### #....# ###..# ##..
$..∆ ....


You could see an orc priest, 2 orcs and an endoplasm.

Vanquished Creatures
  A phantom (D:2)
  A hound (D:4)
  Robin (D:2)
  2 adders
  A worm (D:2)
  A dart slug (D:2)
  4 orcs
  4 ball pythons
  3 bats
  An endoplasm (D:2)
  A giant cockroach (D:2)
  8 goblins
  13 hobgoblins
  12 jackals
  6 kobolds
  3 quokkas
  10 frilled lizards
  3 rats
  A spectral hobgoblin (D:2)
76 creatures vanquished.

Vanquished Creatures (others)
  7 plants (D:3)
7 creatures vanquished.

Grand Total: 83 creatures vanquished

Notes
Turn   | Place    | Note
-------+----------+-------------------------------------------
     0 | D:1      | ASSMAN the Gnoll Gladiator began the quest for the Orb.
     0 | D:1      | Reached XP level 1. HP: 20/20 MP: 1/1
   224 | D:1      | Reached XP level 2. HP: 26/26 MP: 2/2
   773 | D:2      | Found Basac's Magic Scroll Boutique.
   777 | D:2      | Noticed a phantom
   793 | D:2      | Killed a phantom
   794 | D:2      | Reached skill level 1 in Short Blades
   794 | D:2      | Reached skill level 1 in Long Blades
   794 | D:2      | Reached skill level 1 in Maces & Flails
   794 | D:2      | Reached skill level 1 in Polearms
   794 | D:2      | Reached skill level 1 in Staves
   794 | D:2      | Reached skill level 1 in Ranged Weapons
   794 | D:2      | Reached skill level 1 in Armour
   794 | D:2      | Reached skill level 1 in Stealth
   794 | D:2      | Reached skill level 1 in Shields
   794 | D:2      | Reached skill level 1 in Unarmed Combat
   794 | D:2      | Reached skill level 1 in Spellcasting
   794 | D:2      | Reached skill level 1 in Conjurations
   794 | D:2      | Reached skill level 1 in Hexes
   794 | D:2      | Reached skill level 1 in Summonings
   794 | D:2      | Reached skill level 1 in Necromancy
   794 | D:2      | Reached skill level 1 in Translocations
   794 | D:2      | Reached skill level 1 in Transmutations
   794 | D:2      | Reached skill level 1 in Fire Magic
   794 | D:2      | Reached skill level 1 in Ice Magic
   794 | D:2      | Reached skill level 1 in Air Magic
   794 | D:2      | Reached skill level 1 in Earth Magic
   794 | D:2      | Reached skill level 1 in Poison Magic
   794 | D:2      | Reached skill level 1 in Invocations
   794 | D:2      | Reached skill level 1 in Evocations
   794 | D:2      | Reached XP level 3. HP: 13/31 MP: 2/4
   794 | D:2      | Reached XP level 4. HP: 16/38 MP: 2/5
  1003 | D:2      | Found a faded altar of an unknown god.
  1325 | D:2      | Noticed Robin
  1334 | D:2      | Reached XP level 5. HP: 33/43 MP: 5/7
  1338 | D:2      | Killed Robin
  2350 | D:4      | Identified the +0 war axe of Koipsim {freeze, Drain rCorr
                  | Stlth+}
  2360 | D:4      | Killed from afar by an orc priest

Illustrated notes

Levels and vault maps discovered:
D:1:      minmay_arrival_plants_in_alcoves, layout_basic
D:2:      layout_basic, serial_shops, shop,
          dreamdust_ecumenical_altar_drowned_temple, minmay_pentomino_v2,
          uniq_robin
D:3:      layout_loops_ring, minmay_lizard_king
D:4:      layout_rooms, minivault_27, uniq_crazy_yiuf_cottage, uniq_edmund

Skill      XL: |  1  2  3  4  5 |
---------------+----------------+-----
Short Blades   | 1 |  1.8
Long Blades    | 1 |  1.8
Maces & Flails | 1 |  1.8
Polearms       | 1 |  1.8
Staves         | 1 |  1.8
Ranged Weapons | 1 |  1.8
Armour         | 1 |  1.8
Stealth        | 1 |  1.8
Shields        | 1 |  1.8
Unarmed Combat | 1 |  1.8
Spellcasting   | 1 |  1.8
Conjurations   | 1 |  1.4
Hexes          | 1 |  1.4
Summonings     | 1 |  1.4
Necromancy     | 1 |  1.4
Translocations | 1 |  1.4
Transmutations | 1 |  1.4
Fire Magic     | 1 |  1.4
Ice Magic      | 1 |  1.4
Air Magic      | 1 |  1.4
Earth Magic    | 1 |  1.4
Poison Magic   | 1 |  1.4
Invocations    | 1 2 |  2.0
Evocations     | 1 |  1.8
Fighting       | |  4.9
Axes           | |  6.8
Throwing       | |  4.9
Dodging        | |  6.8

Action                     |  1- 3 |  4- 6 || total
---------------------------+-------+-------++-------
  Melee: War axe           |    63 |   130 ||   193
         Punch             |     2 |     2 ||     4
         Bite              |     3 |    11 ||    14
    Use: Scroll            |       |     4 ||     4
   Stab: Sleeping          |       |     2 ||     2
 Armour: Leather armour    |     9 |    27 ||    36
  Dodge: Dodged            |    50 |   111 ||   161

Table legend: (Time is in decaauts)
 A = Elapsed time spent in this place.
 B = Non-inter-level travel time spent in this place.
 C = Inter-level travel time spent in this place.
 D = Time resting spent in this place.
 E = Time spent auto-exploring this place.
 F = Levels seen in this place.
 G = Mean time per level.
                   A        B        C        D        E       F      G
               +--------+--------+--------+--------+--------+-----+--------+
         Total |   2396 |   2361 |     35 |     85 |   1848 |   4 |  599.0 |
       Dungeon |   2396 |   2361 |     35 |     85 |   1848 |   4 |  599.0 |
               +--------+--------+--------+--------+--------+-----+--------+

Top non-repeatable levels by time:
     D:2: 823 daAuts
     D:3: 789 daAuts
     D:1: 699 daAuts
     D:4: 84 daAuts
